[Event "World Junior Chess Championship U20 2022"]
[White "Ivic, Velimir"]
[Black "Kosakowski, Jakub"]
[WhiteFideId "950122"]
[BlackFideId "1185080"]
[WhiteElo "2553"]
[BlackElo "2465"]
[Result "1/2-1/2"]
[Round "05"]
[TimeControl "5400+30"]
[Date "2022.10.15"]
[WhiteClock "0:08:35"]
[BlackClock "0:04:15"]

1. e4 c6 2. d4 d5 3. Nd2 dxe4 4. Nxe4 Nf6 5. Nxf6+ exf6 6. c3 Bd6 7. Bd3 O-O 8. Ne2 Re8 9. Qc2 f5 10. Bxf5 Bxf5 11. Qxf5 Nd7 12. Be3 Nb6 13. O-O Nc4 14. b3 g6 15. Qd3 Nxe3 16. fxe3 f5 17. Rf3 Qe7 18. c4 Rad8 19. c5 Bc7 20. Rd1 Kg7 21. b4 Rd7 22. b5 Qe6 23. a4 Qf7 24. a5 Bxa5 25. Ra1 Bb4 26. Qc2 cxb5 27. Rxa7 Qc4 28. Ra2 b6 29. c6 Rc7 30. Qxc4 bxc4 31. Rb2 Ba5 32. d5 Re5 33. Rb5 Kf6 34. Kf2 Ke7 35. Rf4 Kd6 36. Rxc4 Rce7 37. Rb3 Rxd5 38. Nd4 Rc5 39. Ra4 Re4 40. Kf3 Rxc6 41. Rd3 Kc7 42. Nb5+ Kb7 43. Rxe4 fxe4+ 44. Kxe4 Ka6 45. Rb3 Rc2 46. Nd6 Rxg2 47. Kd5 Rxh2 48. e4 Rd2+ 49. Ke6 Rd4 50. Ra3 b5 51. e5 b4 52. Rh3 Bc7 53. Rxh7 Bxd6 54. exd6 Kb5 55. Rh8 b3 56. d7 Rxd7 57. Kxd7 Kc4 58. Ke6 b2 59. Rb8 Kc3 60. Rxb2 1/2-1/2


[Site "http://www.chessbomb.com"]

[Event "World Junior Chess Championship U20 2022"]
[White "Stefansson, Vignir Vatnar"]
[Black "Batsuren, Dambasuren"]
[WhiteFideId "2308649"]
[BlackFideId "4902920"]
[WhiteElo "2471"]
[BlackElo "2522"]
[Result "0-1"]
[Round "05"]
[TimeControl "5400+30"]
[Date "2022.10.15"]
[WhiteClock "0:30:19"]
[BlackClock "0:21:16"]

1. c4 e6 2. Nc3 d5 3. d4 a6 4. c5 b6 5. cxb6 c5 6. Na4 cxd4 7. Nf3 Nd7 8. Qxd4 Ne7 9. Bd2 Nc6 10. Qc3 Bb7 11. Rc1 Rc8 12. Qb3 Bd6 13. e3 Nce5 14. Nxe5 Rxc1+ 15. Bxc1 Bxe5 16. Be2 Qh4 17. h3 d4 18. exd4 Bxg2 19. Rg1 Bd5 20. Qb4 a5 21. Qb5 Bxd4 22. Rg3 Qe4 23. Be3 Bc6 24. Qc4 Qh1+ 25. Kd2 Bxe3+ 26. Rxe3 O-O 27. Bd3 Bxa4 28. Qxa4 Nxb6 29. Qxa5 Nd5 30. Rg3 Rc8 31. Bc4 Qe4 32. b3 Qf4+ 33. Ke2 Qe5+ 34. Kd2 Qf4+ 35. Ke2 Qe5+ 36. Kd2 Qb2+ 37. Ke1 Nf4 38. Kf1 Qc1+ 39. Qe1 Rxc4 40. bxc4 Qxc4+ 41. Kg1 Ne2+ 42. Kg2 Qd5+ 43. Kh2 Nxg3 44. Qb1 Nf1+ 45. Kg1 h5 0-1


[Site "http://www.chessbomb.com"]

[Event "World Junior Chess Championship U20 2022"]
[White "Droin, Augustin"]
[Black "Davtyan, Artur"]
[WhiteFideId "45105987"]
[BlackFideId "13308327"]
[WhiteElo "2416"]
[BlackElo "2517"]
[Result "1-0"]
[Round "05"]
[TimeControl "5400+30"]
[Date "2022.10.15"]
[WhiteClock "0:41:20"]
[BlackClock "0:00:34"]

1. e4 e5 2. Nf3 Nc6 3. Bc4 Bc5 4. d3 Nf6 5. h3 O-O 6. Nc3 a6 7. a3 h6 8. g4 Nh7 9. g5 hxg5 10. Rg1 g4 11. hxg4 d6 12. Qe2 Be6 13. Bd2 b5 14. Bd5 Qd7 15. Rh1 Nd4 16. Nxd4 exd4 17. f4 dxc3 18. Qh2 cxd2+ 19. Kxd2 Rfe8 20. Qxh7+ Kf8 21. Bxa8 f6 22. Qh8+ Kf7 23. Qh5+ Ke7 24. Bd5 Bxg4 25. Qf7+ Kd8 26. Qxd7+ Bxd7 27. Bf7 Rf8 28. Bg6 f5 29. Bxf5 Bxf5 30. exf5 Rxf5 31. Raf1 Bd4 32. c3 Bf6 33. Ke3 Kd7 34. Kf3 a5 35. d4 b4 36. a4 bxc3 37. Ke4 g6 38. bxc3 Ke6 39. Rfg1 d5+ 40. Ke3 g5 41. fxg5 Bxg5+ 42. Ke2 Bf6 43. Rf1 Rxf1 44. Rxf1 c6 45. Rb1 Kd6 46. Rb8 Kc7 47. Rf8 Bh4 48. Rf7+ Kb6 49. Rh7 Bg5 50. Rg7 Bf4 51. Rg4 Bc1 52. Kd3 Kc7 53. Rg1 Bf4 54. Rb1 Bg5 55. Ke2 Bh6 56. Rb2 Bg7 57. Ke3 Bh6+ 58. Kf3 Kd6 59. Kg4 Ke6 60. Re2+ Kd6 61. Kf5 Bc1 62. Kf6 Bf4 63. Kf7 Bg5 64. Ke8 Bh4 65. Rh2 Be1 66. Kd8 Ke6 67. Re2+ 1-0


[Site "http://www.chessbomb.com"]

[Event "World Junior Chess Championship U20 2022"]
[White "Petkov, Momchil"]
[Black "Jakab, Bela"]
[WhiteFideId "2921642"]
[BlackFideId "14933128"]
[WhiteElo "2511"]
[BlackElo "2353"]
[Result "1-0"]
[Round "05"]
[TimeControl "5400+30"]
[Date "2022.10.15"]
[WhiteClock "0:16:06"]
[BlackClock "0:11:12"]

1. e4 e6 2. d4 d5 3. e5 c5 4. c3 Nc6 5. Nf3 Qb6 6. a3 Bd7 7. b4 cxd4 8. cxd4 Rc8 9. Be3 Nge7 10. Bd3 Nf5 11. Bxf5 exf5 12. O-O Be7 13. Nc3 Be6 14. Ne2 h6 15. Qd3 Qd8 16. Bd2 O-O 17. b5 Na5 18. Ng3 Nc4 19. Nxf5 Bxf5 20. Qxf5 Nxd2 21. Nxd2 Qa5 22. Nf3 Qxb5 23. e6 f6 24. Nh4 Rc7 25. Qg4 Qd3 26. Nf5 g5 27. Nxh6+ Kg7 28. Nf5+ Kg6 29. Nh4+ Kg7 30. Nf5+ Kg6 31. Rac1 Bd8 32. e7 Rxe7 33. Nxe7+ Bxe7 34. Qd7 Rf7 35. Qxd5 Bxa3 36. Rb1 Qf5 37. Qxf5+ Kxf5 38. Ra1 Bb2 39. Rxa7 Bxd4 40. Ra5+ Kg6 41. Rd5 Be5 42. Rb1 Bc7 43. Rbd1 b6 44. Rd7 Be5 45. Rxf7 Kxf7 46. g3 Ke6 47. Kg2 Kf5 48. Kf3 Bc3 49. Rd5+ Ke6 50. Ke4 Be5 51. Rb5 f5+ 52. Kd3 Bc7 53. h3 Bd8 54. Kc4 Bc7 55. Kd4 Bd8 56. Re5+ Kf6 57. Kd5 b5 58. Re6+ Kf7 59. Rc6 b4 60. Kc4 Be7 61. Rc7 Ke6 62. Rxe7+ Kxe7 63. Kxb4 Kd6 64. Kc4 Ke5 65. f3 f4 66. g4 Ke6 67. Kd4 Kd6 68. Ke4 Ke6 69. h4 gxh4 70. Kxf4 Kf6 71. Ke3 1-0


[Site "http://www.chessbomb.com"]

[Event "World Junior Chess Championship U20 2022"]
[White "Galaviz Medina, Sion Radamantys"]
[Black "Horvath, Dominik"]
[WhiteFideId "5123119"]
[BlackFideId "1642561"]
[WhiteElo "2345"]
[BlackElo "2505"]
[Result "0-1"]
[Round "05"]
[TimeControl "5400+30"]
[Date "2022.10.15"]
[WhiteClock "0:03:48"]
[BlackClock "1:04:16"]

1. d4 d5 2. c4 e6 3. Nc3 Nf6 4. cxd5 exd5 5. Bg5 Bb4 6. e3 h6 7. Bh4 g5 8. Bg3 Ne4 9. Ne2 h5 10. h4 Nxg3 11. Nxg3 gxh4 12. Nxh5 c6 13. a3 Bd6 14. g3 hxg3 15. Qf3 Be6 16. fxg3 Nd7 17. O-O-O Qg5 18. Be2 O-O-O 19. Kb1 Bf5+ 20. Ka1 Rde8 21. g4 Bc2 22. Rc1 Rxe3 23. Qxf7 Rxc3 24. Nf6 Rd8 25. Nxd7 Bg6 26. Nb6+ Kb8 0-1


[Site "http://www.chessbomb.com"]

[Event "World Junior Chess Championship U20 2022"]
[White "Isik, Alparslan"]
[Black "Zhu, Jiner"]
[WhiteFideId "34506896"]
[BlackFideId "8608059"]
[WhiteElo "2377"]
[BlackElo "2484"]
[Result "1-0"]
[Round "05"]
[TimeControl "5400+30"]
[Date "2022.10.15"]
[WhiteClock "0:05:13"]
[BlackClock "0:12:09"]

1. Nf3 d5 2. d4 Nf6 3. c4 e6 4. Nc3 Bb4 5. Bg5 h6 6. Bxf6 Qxf6 7. e3 O-O 8. Rc1 dxc4 9. Bxc4 c5 10. O-O cxd4 11. Ne4 Qe7 12. a3 Ba5 13. Qxd4 Rd8 14. Qe5 Bb6 15. Rfd1 Nd7 16. Qd6 Kf8 17. Qf4 Kg8 18. Qd6 Kf8 19. Qf4 Kg8 20. Bb3 Nf8 21. Rxd8 Bxd8 22. Nd6 Ng6 23. Qb4 Bc7 24. Nb5 Qxb4 25. axb4 Bb6 26. Nd6 Bd7 27. Nxb7 Rb8 28. Nd6 Kf8 29. Bc2 f5 30. Nc4 Bc7 31. Na3 Bd6 32. Rd1 Ke7 33. b5 Bxa3 34. bxa3 Rxb5 35. Rxd7+ Kxd7 36. Ba4 a6 37. Nd4 Ne5 38. Nxb5 axb5 39. Bxb5+ Kd6 40. Be2 Kc5 41. Kf1 Nd7 42. Ke1 Nf6 43. Bd3 Kb6 44. f4 Kc5 45. h4 Nd5 46. Kd2 Nb6 47. Ke2 Kd5 48. Kf3 Kc5 49. Bb1 Na4 50. Bc2 Nc3 51. Bb3 Kd6 52. a4 Ne4 53. Bc2 Nc5 54. g4 g6 55. a5 Kc6 56. e4 Kb5 57. exf5 gxf5 58. g5 1-0


[Site "http://www.chessbomb.com"]

[Event "World Junior Chess Championship U20 2022"]
[White "Abdurakhmonov, Mukhammadali"]
[Black "Gorshtein, Ido"]
[WhiteFideId "14207346"]
[BlackFideId "2815532"]
[WhiteElo "2345"]
[BlackElo "2471"]
[Result "1/2-1/2"]
[Round "05"]
[TimeControl "5400+30"]
[Date "2022.10.15"]
[WhiteClock "0:04:59"]
[BlackClock "0:11:36"]

1. d4 f5 2. Bg5 g6 3. Nc3 Bg7 4. h4 h6 5. Bf4 Nf6 6. e3 d6 7. Bc4 e6 8. Qf3 Qe7 9. O-O-O Nc6 10. Qg3 Qf7 11. Nge2 a6 12. d5 exd5 13. Nxd5 Nxd5 14. Bxd5 Qf6 15. c3 Ne7 16. e4 fxe4 17. Bxe4 Be6 18. Qe3 Bxa2 19. Bxb7 Rb8 20. Bc6+ Kf7 21. Ba4 Nd5 22. Qf3 Rb4 23. Rxd5 Rxa4 24. Rd4 Ra5 25. Qc6 Qd8 26. Bxd6 Bxd4 27. Bxc7 Qd5 28. Nxd4 Qxc6 29. Nxc6 Rc5 30. Ne5+ Kg8 31. Bd6 Rd5 32. Rd1 Kh7 33. c4 Rxd1+ 34. Kxd1 Rc8 35. c5 Kg7 36. Kd2 g5 37. hxg5 hxg5 38. Nd7 Kf7 39. Nb6 Rc6 40. g4 Ke6 41. Na4 Bd5 42. Ke3 Rc8 43. Nc3 Rh8 44. Ne2 Rh1 45. f4 Bc4 46. f5+ Kd7 47. Ng3 Rb1 48. Kd4 Ba2 49. Kc3 Rc1+ 50. Kd3 Rd1+ 51. Kc3 Rc1+ 52. Kd3 1/2-1/2


[Site "http://www.chessbomb.com"]

[Event "World Junior Chess Championship U20 2022"]
[White "Nesterov, Arseniy"]
[Black "Petriashvili, Nikoloz"]
[WhiteFideId "24198455"]
[BlackFideId "13611216"]
[WhiteElo "2567"]
[BlackElo "2428"]
[Result "1-0"]
[Round "05"]
[TimeControl "5400+30"]
[Date "2022.10.15"]
[WhiteClock "0:33:10"]
[BlackClock "0:38:34"]

1. d4 d6 2. e4 Nf6 3. Nc3 e5 4. Nf3 Nbd7 5. Bc4 Be7 6. O-O O-O 7. Re1 a6 8. a4 b6 9. Bg5 Bb7 10. Qd2 c6 11. d5 cxd5 12. Bxf6 dxc4 13. Bxe7 Qxe7 14. Rad1 Rfd8 15. Qxd6 Qxd6 16. Rxd6 Kf8 17. Red1 Ke7 18. Ng5 Nc5 19. Nxf7 Rxd6 20. Nxd6 b5 21. axb5 axb5 22. Nxb7 Nxb7 23. Nxb5 Nc5 24. Nd6 Ra4 25. f3 g6 26. Nc8+ Ke8 27. Rd5 Nd7 28. Kf2 Rb4 29. Rb5 Ra4 30. Rb7 Nc5 31. Nd6+ Kd8 32. Rxh7 Rb4 33. Kg3 Nd7 34. c3 Rxb2 35. Nxc4 Rc2 36. Ne3 Rxc3 37. Rh8+ 1-0


[Site "http://www.chessbomb.com"]

[Event "World Junior Chess Championship U20 2022"]
[White "Mendonca, Leon Luke"]
[Black "Barseghyan, Armen Ar."]
[WhiteFideId "35028561"]
[BlackFideId "13306707"]
[WhiteElo "2558"]
[BlackElo "2402"]
[Result "1-0"]
[Round "05"]
[TimeControl "5400+30"]
[Date "2022.10.15"]
[WhiteClock "0:08:24"]
[BlackClock "0:16:45"]

1. d4 Nf6 2. c4 e6 3. Nc3 d5 4. cxd5 Nxd5 5. e4 Nxc3 6. bxc3 c5 7. Rb1 cxd4 8. cxd4 Be7 9. Nf3 O-O 10. Bc4 Nd7 11. O-O Nf6 12. Qe2 b6 13. e5 Nd5 14. Qe4 Bd7 15. Qg4 Kh8 16. Bd3 Rc8 17. Bd2 f5 18. exf6 Nxf6 19. Qh4 Kg8 20. Rfe1 g6 21. Bh6 Nh5 22. Qe4 Ng7 23. Ne5 Bf6 24. Nxg6 hxg6 25. Qxg6 Rf7 26. d5 Bb5 27. Qh7+ Kf8 28. Rxe6 1-0


[Site "http://www.chessbomb.com"]

[Event "World Junior Chess Championship U20 2022"]
[White "Iniyan, P"]
[Black "Bournel, Antoine"]
[WhiteFideId "25002767"]
[BlackFideId "26093553"]
[WhiteElo "2541"]
[BlackElo "2402"]
[Result "0-1"]
[Round "05"]
[TimeControl "5400+30"]
[Date "2022.10.15"]
[WhiteClock "0:22:29"]
[BlackClock "0:30:20"]

1. d4 d5 2. c4 c6 3. Nf3 e6 4. Qc2 dxc4 5. Qxc4 b5 6. Qc2 Bb7 7. e4 Nd7 8. Nbd2 Ngf6 9. Bd3 Qb6 10. a4 a6 11. Nb3 c5 12. axb5 axb5 13. Rxa8+ Bxa8 14. dxc5 Nxc5 15. Nxc5 Bxc5 16. O-O O-O 17. e5 Ng4 18. Bf4 Rc8 19. Qe2 Bd4 20. Bxh7+ Kxh7 21. Ng5+ Kg8 22. Qxg4 Qc6 23. Nf3 Qc4 24. b3 Qc3 25. Ng5 Qc2 26. h3 Bd5 27. Bg3 Bb2 28. Rd1 Qxd1+ 29. Qxd1 Rc1 30. Qxc1 Bxc1 31. Nf3 Bxb3 32. Nd4 Bc4 33. Nc2 Bd2 34. f4 Bd3 35. Be1 Bxe1 36. Nxe1 Be4 37. Kf2 b4 38. Ke3 b3 39. Nd3 Bxg2 40. h4 Bf1 41. Nb2 Kh7 42. Kd4 0-1


[Site "http://www.chessbomb.com"]

[Event "World Junior Chess Championship U20 2022"]
[White "Seo, Jung Min"]
[Black "Peyrer, Konstantin"]
[WhiteFideId "1734687"]
[BlackFideId "1640879"]
[WhiteElo "2520"]
[BlackElo "2402"]
[Result "1/2-1/2"]
[Round "05"]
[TimeControl "5400+30"]
[Date "2022.10.15"]
[WhiteClock "0:07:47"]
[BlackClock "0:40:40"]

1. d4 d5 2. c4 c6 3. Nf3 Nf6 4. e3 a6 5. Nc3 e6 6. b3 Bb4 7. Bd2 O-O 8. Bd3 Nbd7 9. O-O Bd6 10. h3 e5 11. cxd5 cxd5 12. dxe5 Nxe5 13. Nxe5 Bxe5 14. Rc1 Bb8 15. Ne2 Ne4 16. Bxe4 dxe4 17. Bb4 Qxd1 18. Rfxd1 Re8 19. Nc3 Be5 20. Nxe4 Bf5 21. Nd2 a5 22. Bc3 Bxc3 23. Rxc3 Red8 24. Rcc1 a4 25. bxa4 Rxa4 26. Ne4 Rxd1+ 27. Rxd1 h6 28. Nd6 Be6 29. Nxb7 Rxa2 30. Nc5 Kf8 31. g4 Ke7 32. Kg2 Ra5 33. Rc1 Bd5+ 34. Kg3 Ra3 35. Rd1 Be6 36. h4 Ra5 37. Rc1 g6 38. f3 Ra3 39. e4 Kd6 40. Nb7+ Kd7 41. Rd1+ Ke7 42. Nc5 Rc3 43. Na4 Ra3 44. Nb2 Rc3 45. Ra1 f5 46. Nd1 Rb3 47. Ra7+ Kf6 48. Nf2 fxg4 49. Nxg4+ Bxg4 50. Kxg4 Rb5 51. Ra6+ Kf7 52. Rd6 Kg7 53. Rd5 Rb6 54. f4 Rb4 55. e5 Ra4 56. Rd7+ Kg8 57. Kf3 h5 58. Ke3 Kf8 59. Rd4 Ra3+ 60. Ke4 Ke7 61. Rb4 Ra1 62. Rb7+ Ke6 63. Rg7 Ra4+ 64. Ke3 Ra3+ 65. Kd2 Kf5 66. Rf7+ Ke4 67. e6 Rd3+ 68. Ke2 Rd8 69. Rf6 Re8 70. Kf2 Rc8 71. Kg3 Rc3+ 72. Kf2 Rc8 73. Ke2 Re8 74. Kd2 Rc8 75. Kd1 Ke3 76. e7 Re8 77. Rf7 Ke4 78. Ke2 Kd5 79. Rg7 Ke4 80. Rf7 Kd5 81. f5 gxf5 82. Rxf5+ Ke6 83. Rxh5 Rxe7 84. Kf3 Kf6 85. Ra5 Kg7 86. h5 Kh7 87. Kg4 Rb7 88. Kg5 Rc7 89. h6 Rb7 90. Rf5 Ra7 91. Rf4 Ra5+ 92. Kg4 Kxh6 93. Kf3 Kg6 94. Kf2 Rf5 95. Rxf5 Kxf5 1/2-1/2


[Site "http://www.chessbomb.com"]

[Event "World Junior Chess Championship U20 2022"]
[White "Di Benedetto, Edoardo"]
[Black "Blohberger, Felix"]
[WhiteFideId "875740"]
[BlackFideId "1632051"]
[WhiteElo "2396"]
[BlackElo "2493"]
[Result "0-1"]
[Round "05"]
[TimeControl "5400+30"]
[Date "2022.10.15"]
[WhiteClock "0:25:02"]
[BlackClock "0:18:48"]

1. d4 d5 2. c4 e6 3. Nf3 c6 4. e3 Nf6 5. Nc3 a6 6. b3 Bb4 7. Bd2 Nbd7 8. Bd3 O-O 9. O-O Bd6 10. h3 e5 11. cxd5 cxd5 12. dxe5 Nxe5 13. Nxe5 Bxe5 14. Rc1 Bb8 15. Ne2 Qd6 16. Ng3 Bd7 17. Bc3 Re8 18. Bxf6 Qxf6 19. Qh5 g6 20. Qxd5 Bc6 21. Ne4 Qe7 22. Rxc6 bxc6 23. Qxc6 Rd8 24. Bc4 Kg7 25. f4 Ra7 26. f5 Qe5 27. fxg6 hxg6 28. Qf6+ Qxf6 29. Nxf6 Rd2 30. a4 a5 31. Ne4 Rc2 32. Ng5 Re7 33. e4 Ba7+ 34. Kh1 Be3 35. Nf3 Rc7 36. Bd5 Rc1 37. Nh2 R7c3 38. g3 Bd4 39. Bc4 Be5 40. Rxc1 Rxc1+ 41. Nf1 Bxg3 42. Kg2 Be5 43. Kf3 Rc3+ 44. Kg4 f6 45. Bd5 Kh6 46. Bc4 Bc7 47. Bd5 Rc2 48. Kf3 Bb6 49. Bc4 Kg5 0-1


[Site "http://www.chessbomb.com"]

[Event "World Junior Chess Championship U20 2022"]
[White "Utsab, Chatterjee"]
[Black "Nogerbek, Kazybek"]
[WhiteFideId "46609148"]
[BlackFideId "13710427"]
[WhiteElo "2345"]
[BlackElo "2467"]
[Result "0-1"]
[Round "05"]
[TimeControl "5400+30"]
[Date "2022.10.15"]
[WhiteClock "0:05:59"]
[BlackClock "0:12:56"]

1. e4 e5 2. Nf3 Nc6 3. Bb5 a6 4. Ba4 Nf6 5. d3 d6 6. c3 g6 7. Nbd2 Bg7 8. O-O O-O 9. Re1 Nb8 10. d4 Nbd7 11. Nf1 b5 12. Bc2 Bb7 13. Ng3 Re8 14. a4 c6 15. h3 Qc7 16. Be3 Nb6 17. dxe5 dxe5 18. Nd2 c5 19. a5 Nbd7 20. b4 Rac8 21. Ra2 cxb4 22. cxb4 Bf8 23. Qb1 Nb8 24. Rc1 Nc6 25. Rb2 Nd4 26. Nb3 Ne6 27. Bd3 Qb8 28. Nd2 Rxc1+ 29. Qxc1 Rc8 30. Qe1 Ne8 31. Bb1 Nd6 32. Ba2 Nd4 33. Qd1 Nc4 34. Nxc4 bxc4 35. Bxd4 exd4 36. Rc2 c3 37. Qxd4 Qd6 38. Bd5 Bxd5 39. exd5 Qxb4 40. Qd3 Qxa5 41. Ne4 Bg7 42. g3 Qb5 43. Qd1 Qb4 44. Qd3 Qb5 45. Qd1 Rd8 46. d6 Qc6 47. Qd3 h6 48. Nxc3 Qxd6 49. Qc4 a5 50. Ne4 Qb4 51. Qc6 a4 52. Kh2 a3 53. Re2 Qe7 54. h4 Bb2 55. Qa6 Qe6 56. Qa5 Qd5 57. Qb6 Qd4 58. Qa5 Rc8 59. h5 Qe5 60. Qa6 Qxh5+ 61. Kg2 Rc1 0-1


[Site "http://www.chessbomb.com"]

[Event "World Junior Chess Championship U20 2022"]
[White "Lux, Hugo de Melo"]
[Black "Prraneeth, Vuppala"]
[WhiteFideId "2138298"]
[BlackFideId "46622373"]
[WhiteElo "2309"]
[BlackElo "2451"]
[Result "0-1"]
[Round "05"]
[TimeControl "5400+30"]
[Date "2022.10.15"]
[WhiteClock "0:01:52"]
[BlackClock "0:02:37"]

1. e4 c5 2. Nc3 d6 3. f4 g6 4. Nf3 Bg7 5. Bc4 Nc6 6. O-O e6 7. d4 cxd4 8. Nb5 a6 9. Nbxd4 Nxd4 10. Nxd4 Nf6 11. f5 gxf5 12. exf5 e5 13. Nf3 Qc7 14. Bb3 Bd7 15. Qe2 Rg8 16. Ng5 Bb5 17. c4 Bc6 18. c5 d5 19. Bf4 Nd7 20. Qh5 O-O-O 21. Bg3 Nf6 22. Qh4 h6 23. Nf3 Ne4 24. Bc2 Bf6 25. Qxh6 Rh8 26. Qe3 Nxg3 27. hxg3 e4 28. Nd4 Rdg8 29. Nxc6 bxc6 30. Rf4 Be5 31. Raf1 f6 32. Qa3 Bd4+ 33. R1f2 a5 34. b4 axb4 35. Qa4 Bxc5 36. Bb3 Kb7 37. Bxd5 cxd5 38. Kf1 Rh1+ 39. Ke2 Bxf2 40. Qb5+ Bb6 41. Qxd5+ Ka7 42. Qxg8 Qc2# 0-1


[Site "http://www.chessbomb.com"]

[Event "World Junior Chess Championship U20 2022"]
[White "Stoyanov, Tsvetan"]
[Black "Gatineau, Yovann"]
[WhiteFideId "2917173"]
[BlackFideId "26028999"]
[WhiteElo "2449"]
[BlackElo "2375"]
[Result "1-0"]
[Round "05"]
[TimeControl "5400+30"]
[Date "2022.10.15"]
[WhiteClock "0:03:55"]
[BlackClock "0:01:32"]

1. e4 c6 2. d4 d5 3. Nc3 dxe4 4. Nxe4 Nf6 5. Nxf6+ exf6 6. c3 Bd6 7. Bd3 Na6 8. Ne2 Kf8 9. Qc2 h5 10. O-O g6 11. Be3 Kg7 12. Rad1 Re8 13. Qd2 Be6 14. b3 Qd7 15. Bh6+ Kg8 16. Bf4 Nc7 17. c4 Rad8 18. Bxd6 Qxd6 19. h3 Kg7 20. Qa5 a6 21. Nc3 Re7 22. Ne4 Qf4 23. Bb1 Bf5 24. g3 Qh6 25. d5 cxd5 26. cxd5 Bxe4 27. d6 Rxd6 28. Rxd6 Bc6 29. Qd2 Qxd2 30. Rxd2 h4 31. gxh4 Nd5 32. Rd4 Re2 33. Be4 Ne7 34. Bxc6 Nxc6 35. Rd7 Ne5 36. Rxb7 Nf3+ 37. Kh1 Rxa2 38. h5 Nd2 39. Rg1 g5 40. Rg4 Nf3 41. Kg2 Ne1+ 42. Kg3 Nd3 43. Ra4 Rb2 44. Rxa6 Nc5 45. h6+ Kg6 46. h7 Kxh7 47. Rxf7+ Kg8 48. Raa7 Rxb3+ 49. Kg4 Rb4+ 50. Kf5 Nd3 51. Rfc7 Rf4+ 52. Ke6 Re4+ 53. Kxf6 Rf4+ 54. Kxg5 Rxf2 55. Ra8+ Rf8 56. Rxf8+ Kxf8 57. Kf6 Kg8 58. Rc4 Ne1 59. Kg6 Kf8 60. Rf4+ Kg8 61. Re4 Nc2 62. Re8# 1-0


[Site "http://www.chessbomb.com"]

[Event "World Junior Chess Championship U20 2022"]
[White "Gurel, Ediz"]
[Black "Vestby-Ellingsen, Mads"]
[WhiteFideId "44507356"]
[BlackFideId "1520857"]
[WhiteElo "2445"]
[BlackElo "2365"]
[Result "1/2-1/2"]
[Round "05"]
[TimeControl "5400+30"]
[Date "2022.10.15"]
[WhiteClock "0:15:40"]
[BlackClock "0:39:03"]

1. e4 e5 2. Nf3 Nf6 3. Nxe5 Nxe4 4. Qe2 Qe7 5. Qxe4 d6 6. d4 dxe5 7. dxe5 Nc6 8. Nc3 Qxe5 9. Qxe5+ Nxe5 10. Bf4 Bd6 11. Bg3 h5 12. O-O-O f6 13. Nb5 h4 14. Nxd6+ cxd6 15. Bf4 g5 16. Be3 Ke7 17. h3 Bf5 18. Be2 Rhc8 19. Rd2 Nc4 20. Bxc4 Rxc4 21. b3 Rc6 22. Kb2 b5 23. c3 a6 24. Re1 Kf7 25. Bd4 d5 26. Rde2 Re6 27. Rxe6 Bxe6 28. Ka3 a5 29. Kb2 Bf5 30. f3 Ra6 31. Kc1 Re6 32. Rxe6 Kxe6 1/2-1/2


[Site "http://www.chessbomb.com"]

[Event "World Junior Chess Championship U20 2022"]
[White "Baenziger, Fabian"]
[Black "Manish, Anto Cristiano F"]
[WhiteFideId "1330110"]
[BlackFideId "25095927"]
[WhiteElo "2439"]
[BlackElo "2332"]
[Result "1/2-1/2"]
[Round "05"]
[TimeControl "5400+30"]
[Date "2022.10.15"]
[WhiteClock "0:24:29"]
[BlackClock "0:31:25"]

1. d4 Nf6 2. c4 e6 3. Nf3 d5 4. g3 Be7 5. Bg2 O-O 6. O-O dxc4 7. Qc2 a6 8. a4 Bd7 9. Qxc4 Bc6 10. Bg5 Nbd7 11. Nc3 h6 12. Bxf6 Nxf6 13. Rfd1 Rc8 14. Rac1 Qe8 15. Ne5 Bxg2 16. Kxg2 c5 17. Qb3 cxd4 18. Rxd4 Rc7 19. Rc4 Qb8 20. Rd1 Rd8 21. Rxd8+ Qxd8 22. Qb6 Rxc4 23. Qxd8+ Bxd8 24. Nxc4 Bc7 25. Kf3 Kf8 26. Ne4 Nxe4 27. Kxe4 Ke7 28. b4 b5 29. axb5 axb5 30. Na3 Bd6 31. Nxb5 Bxb4 32. Kf3 1/2-1/2


[Site "http://www.chessbomb.com"]

[Event "World Junior Chess Championship U20 2022"]
[White "Ghimpu, Samuel-Timotei"]
[Black "Carlo, Emanuele"]
[WhiteFideId "1238175"]
[BlackFideId "2825380"]
[WhiteElo "2434"]
[BlackElo "2306"]
[Result "1-0"]
[Round "05"]
[TimeControl "5400+30"]
[Date "2022.10.15"]
[WhiteClock "0:05:27"]
[BlackClock "0:01:34"]

1. d4 Nf6 2. c4 e6 3. Nc3 d5 4. cxd5 Nxd5 5. e4 Nxc3 6. bxc3 c5 7. Rb1 Be7 8. Nf3 O-O 9. h4 Nc6 10. Be2 b6 11. h5 Bb7 12. h6 g6 13. O-O Na5 14. Bd3 Rc8 15. Qe2 Qc7 16. Be3 Bd6 17. Rbc1 Bf4 18. e5 Bxe3 19. fxe3 Bxf3 20. Qxf3 Qe7 21. Qg3 Nc6 22. a4 Nb8 23. Ra1 c4 24. Be4 a5 25. Rab1 Qc7 26. Qf3 Nd7 27. Bb7 Rb8 28. Bc6 f5 29. Bb5 Rf7 30. Qe2 Nf8 31. Bxc4 Qe7 32. d5 Qa3 33. dxe6 Re7 34. Qd3 Rc8 35. Qd6 Qc5 36. Kf2 f4 37. Qxc5 Rxc5 38. Ba2 Rxc3 39. Rfc1 Ra3 40. Bd5 Rd3 41. e4 1-0


[Site "http://www.chessbomb.com"]

[Event "World Junior Chess Championship U20 2022"]
[White "Sokolovsky, Yahli"]
[Black "Dauw, Sterre"]
[WhiteFideId "2820242"]
[BlackFideId "248886"]
[WhiteElo "2416"]
[BlackElo "2287"]
[Result "1-0"]
[Round "05"]
[TimeControl "5400+30"]
[Date "2022.10.15"]
[WhiteClock "0:05:43"]
[BlackClock "0:24:19"]

1. e4 c5 2. Nf3 d6 3. d4 cxd4 4. Nxd4 Nf6 5. Nc3 Nc6 6. Bg5 e6 7. Qd3 a6 8. Nxc6 bxc6 9. O-O-O Qa5 10. Qg3 Nh5 11. Qh4 h6 12. Bd2 Be7 13. Qg4 g6 14. Bc4 Qc5 15. Qe2 d5 16. exd5 cxd5 17. Bb3 Kf8 18. Rhe1 Bb7 19. Qf3 Kg7 20. Kb1 Qc7 21. Ne2 Nf6 22. Nf4 d4 23. Qg3 e5 24. Bxf7 exf4 25. Bxf4 Qc5 26. Qxg6+ Kf8 27. Re5 Be4 28. Rxe4 Rc8 29. Rexd4 Rh7 30. Be6 1-0


[Site "http://www.chessbomb.com"]

[Event "World Junior Chess Championship U20 2022"]
[White "Rohith, Krishna S"]
[Black "Milikow, Yoav"]
[WhiteFideId "46617051"]
[BlackFideId "2822237"]
[WhiteElo "2370"]
[BlackElo "2412"]
[Result "1/2-1/2"]
[Round "05"]
[TimeControl "5400+30"]
[Date "2022.10.15"]
[WhiteClock "0:01:02"]
[BlackClock "0:24:09"]

1. d4 Nf6 2. c4 e6 3. Nf3 d5 4. g3 Bb4+ 5. Bd2 Be7 6. Qc2 O-O 7. Bg2 c6 8. O-O Nbd7 9. Rd1 b6 10. Bf4 Nh5 11. Bc1 Nhf6 12. Nbd2 Ba6 13. b3 c5 14. Bb2 Qc7 15. Rac1 Bb7 16. Qb1 Rad8 17. cxd5 exd5 18. Ne1 Rfe8 19. Nd3 Qb8 20. e3 Bd6 21. dxc5 bxc5 22. Bxf6 Nxf6 23. Nxc5 Bc8 24. b4 h5 25. a3 h4 26. Nf1 Bg4 27. Re1 hxg3 28. hxg3 g6 29. Qb2 Be5 30. Qb3 Qb6 31. Nh2 Bc8 32. Red1 d4 33. f4 Bb8 34. e4 a5 35. e5 Nh5 36. Nf1 axb4 37. axb4 Bg4 38. Rd2 d3 39. Kh2 Kg7 40. Rxd3 Rxd3 41. Qxd3 Rh8 42. Kg1 Qxb4 43. Rc4 Qe1 44. e6 Nf6 45. Ra4 Bxe6 46. Qd4 Bf5 47. Ra6 Qe7 48. Nb7 Bc8 49. Ne3 Re8 50. Kh2 Bxb7 51. Bxb7 Rd8 52. Qb2 Rh8+ 53. Kg2 Ba7 54. Rxa7 Qxe3 55. Ra6 Qe7 56. Bf3 Rd8 57. g4 Rd6 58. Rxd6 Qxd6 59. g5 Qxf4 60. gxf6+ Qxf6 1/2-1/2


[Site "http://www.chessbomb.com"]